AoeStats
← Dr_DanglePeen_AD

Coastal Forest

503324861Analyzed
4v4 RM · 1mo ago on Aug 31, 2026· 34m 53s· 8 players
Game mode
Random Map
Map size
Large (8 player)
Population
200
Speed
Normal
Resources
Standard
Victory
Conquest
Starting age
Dark Age
Ending age
Imperial Age
RankedLock teamsTeams togetherTeam positionsShared explorationLock speedFull tech treeHidden civsTurbo modeCheats
Victory
Defeat
🇨🇳 Celts · China
1256
+12
🇲🇽 Mongols · Mexico
1246
+13
1205
+15
🇦🇺 Magyars · Australia
1165
+17
🇺🇸 Vikings · United States
1200
-15
🇦🇷 Saracens · Argentina
1197
-15
🇦🇷 Wei · Argentina
1157
-13
🇺🇸 Bohemians · United States
1156
-13
ERROR 404
5:46 Loom
11:29 Feudal Age
14:21 Fishing Lines
15:13 Double-Bit Axe
17:49 Castle Age
15:46 Fishing Lines
21:28 Gillnets
24:06 Wheelbarrow
28:03 Hand Cart
30:39 Imperial Age
27:55 Town Watch
27:56 Horse Collar
28:40 Bow Saw
29:31 Forging
29:26 Scale Barding Armor
29:29 Husbandry
31:42 Iron Casting
31:27 Bloodlines
32:31 Chain Barding Armor
33:11 Conscription
33:11 Gold Mining
dillon1556
0:43 Loom
9:19 Feudal Age
16:46 Man-at-Arms
19:58 Castle Age
19:09 Scale Mail Armor
20:20 Horse Collar
21:13 Long Swordsman
Lyon28
8:57 Loom
11:13 Feudal Age
16:08 Castle Age
14:10 Double-Bit Axe
14:31 Horse Collar
15:08 Gold Mining
15:49 Stone Mining
24:48 Scale Barding Armor
26:26 Bloodlines
26:32 Bow Saw
27:05 Forging
28:27 Heavy Plow
29:17 Gold Shaft Mining
29:28 Chain Barding Armor
29:44 Iron Casting
Dr_DanglePeen_AD
12:46 Feudal Age
12:53 Loom
14:45 Town Watch
14:55 Double-Bit Axe
17:46 Castle Age
16:44 Gold Mining
18:40 Fletching
18:52 Padded Archer Armor
19:03 Crossbowman
23:20 Horse Collar
24:28 Town Patrol
28:15 Bow Saw
31:44 Bodkin Arrow
32:04 Leather Archer Armor
Niccals_
7:02 Loom
9:27 Feudal Age
9:57 Double-Bit Axe
10:01 Horse Collar
18:20 Forging
18:17 Scale Barding Armor
19:46 Bloodlines
26:58 Wheelbarrow
28:25 Castle Age
30:34 Husbandry
32:01 Chain Barding Armor
32:18 Iron Casting
StandingTall
4:22 Loom
10:08 Feudal Age
11:40 Double-Bit Axe
13:35 Wheelbarrow
19:07 Castle Age
18:52 Fishing Lines
19:09 Stone Mining
26:59 Bow Saw
30:02 Imperial Age
27:47 Hand Cart
27:37 Horse Collar
27:59 Gold Mining
28:33 Gillnets
29:02 Medium Warships
30:47 Heavy Plow
31:29 Bloodlines
31:19 Husbandry
33:20 Cavalier
34:55 Scale Barding Armor
江泽民胡锦涛习近平
9:50 Feudal Age
15:53 Castle Age
14:06 Double-Bit Axe
14:28 Loom
17:02 Bow Saw
19:20 Stone Mining
20:56 Wheelbarrow
20:46 Horse Collar
21:30 Heavy Plow
22:51 Forging
22:42 Scale Mail Armor
23:00 Gold Mining
24:37 Squires
24:23 Arson
25:01 Grand Trunk Road
26:02 Chain Mail Armor
26:23 Iron Casting
27:17 Gold Shaft Mining
30:13 Imperial Age
28:39 Hand Cart
28:51 Scale Barding Armor
30:15 Chain Barding Armor
30:14 Elite Ghulam
31:57 Blast Furnace
32:01 Two-Man Saw
31:27 Conscription
31:25 Heavy Camel Rider
32:22 Bloodlines
32:13 Husbandry
33:28 Plate Barding Armor
32:52 Imperial Camel Rider
野象
6:06 Loom
11:42 Feudal Age
12:31 Horse Collar
12:39 Double-Bit Axe
17:48 Castle Age
19:05 Bow Saw
20:23 Pikeman
Connection lost

Rejoining the realm…

Still unreachable

The connection could not be restored.

Session expired

The server has moved on; the page needs a fresh start.